 Dungeon Crawl Stone Soup version 0.30-a0-723-gc1506a1cf0 (webtiles) character file.

Game seed: 432018641206851300

95 Absynth the Shield-Bearer (level 4, -1/37 HPs)
             Began as a Formicid Fighter on Jan 28, 2023.
             Killed from afar by a white imp (3 damage)
             ... with a puff of frost
             ... summoned by Natasha
             ... on level 2 of the Dungeon.
             The game lasted 00:02:33 (1471 turns).

Absynth the Shield-Bearer (Formicid Fighter)        Turns: 1471, Time: 00:02:33

Health: -1/37      AC:  7    Str: 22    XL:     4   Next: 95%
Magic:  4/4        EV:  9    Int:  8    God:
Gold:   74         SH:  5    Dex: 13    Spells: 3/3 levels left

rFire   . . .      SeeInvis +    a - +0 flail
rCold   . . .      Faith    .    c - +0 buckler
rNeg    . . .      Spirit   .    b - +0 scale mail
rPois   .          Reflect  .    (helmet unavailable)
rElec   .          Harm     .    (no cloak)
rCorr   .          Rampage  .    (no gloves)
Will    .....                    (no boots) Stlth
                                 (no amulet)
HPRegen 0.26/turn                (no ring)
MPRegen 0.09/turn                (no ring)

@: no status effects
A: permanent stasis, dig shafts and tunnels, antennae 3, four strong arms
a: Dig, Shaft Self


You were on level 2 of the Dungeon.
You visited 1 branch of the dungeon, and saw 2 of its levels.

You collected 74 gold pieces.

Inventory:

Hand Weapons
 a - a +0 flail (weapon)
Armour
 b - a +0 scale mail (worn)
 c - a +0 buckler (worn)
Jewellery
 j - a +6 ring of intelligence
 m - an amulet of faith
Scrolls
 f - 3 scrolls of immolation {unknown}
 i - 2 scrolls of teleportation {unknown}
 k - a scroll of vulnerability {unknown}
 l - a scroll of identify {unknown}
 o - a scroll of enchant weapon {unknown}
Potions
 d - a potion of might
 e - a potion of mutation {unknown}
 g - 2 potions of heal wounds {unknown}
 h - a potion of lignification {unknown}
 n - a potion of degeneration {unknown}
 p - a potion of curing {unknown}


   Skills:
 + Level 3.9 Fighting
 * Level 3.3 Maces & Flails
 + Level 3.9 Armour
 + Level 4.7 Shields


You had 3 spell levels left.
You didn't know any spells.
Your spell library was empty.

Dungeon Overview and Level Annotations

Branches:
Dungeon (2/15)

Altars:

Shops:
D:1 (

Annotations:
D:2 Natasha


Innate Abilities, Weirdness & Mutations

You cannot be hasted, slowed, berserked, paralysed or teleported.
You can dig through walls and to a lower floor.
You have a pair of large antennae on your head. (SInv)
Your four strong arms can wield two-handed weapons with a shield.


Message History

You sense a monster nearby.
p - a green potion Natasha, Servant of Life and Death comes into view.
Natasha hisses angrily.
Natasha casts a spell at you.
Your stasis prevents you from being slowed.
Natasha mumbles some strange words.
You closely miss Natasha. The white imp closely misses you.
You block Natasha's attack.
You hit Natasha but do no damage.
The white imp hits you but does no damage.
Natasha mumbles some strange words.
You barely miss Natasha. The white imp barely misses you.
Natasha closely misses you. The white imp gestures at you.
The puff of frost hits you.
You barely miss Natasha. The white imp gestures at you.
The puff of frost hits you! Natasha closely misses you.
The white imp gestures at you. The puff of frost hits you.
The white imp hits you but does no damage.
Natasha mumbles some strange words.
You hit Natasha.
Natasha is lightly wounded.
The white imp gestures at you. The puff of frost hits you.
* * * LOW HITPOINT WARNING * * *
The white imp gestures at you. The puff of frost hits you!
* * * LOW HITPOINT WARNING * * *
Natasha claws you.
* * * LOW HITPOINT WARNING * * *
You closely miss Natasha.
Natasha is lightly wounded.
The white imp shouts, "Crawl home, thou jarring moon-mazed minnow reeky!"
You block the white imp's attack. Natasha claws you but does no damage.
The white imp gestures at you. The puff of frost hits you.
You die...

#.# ##.## #..........# #.#
#..# ##########.# #.# #.##
#...##.# ## #.###.#
######...##.######. #.#...#
#....#.......#..... #...###
#....#.......#.###. #..##
#....#.......#.# #.
#..#######5h5.###.....#.# #.
..(.........@5...#.....#.# #.
#.#>..........###.####'##.#
#.
......................#.##.#
#.
###############...#.##.#.##.#
#. #...#.##.#..#.# #.
#...........#.# #.
#...#.##......# #.
#####.##....### #.
#.##....######


You could see Natasha and 3 white imps.

Vanquished Creatures
  A jelly (D:2)
  Terence (D:2)
  2 adders (D:2)
  An endoplasm (D:2)
  2 giant cockroaches
  A goblin (D:1)
  A hobgoblin (D:1)
  4 jackals (D:1)
  3 ball pythons
  3 bats
  2 kobolds
  3 rats
24 creatures vanquished.

Notes
Turn   | Place    | Note
-------+----------+-------------------------------------------
     0 | D:1      | Absynth the Formicid Fighter began the quest for the Orb.
     0 | D:1      | Reached XP level 1. HP: 18/18 MP: 1/1
   122 | D:1      | Found Zin Fuosaus's Weapon Shop.
   279 | D:1      | Reached XP level 2. HP: 22/24 MP: 2/2
   723 | D:2      | Reached XP level 3. HP: 23/29 MP: 3/3
   917 | D:2      | Found a faded altar of an unknown god.
   998 | D:2      | Reached XP level 4. HP: 34/37 MP: 4/4
  1298 | D:2      | Noticed Terence
  1308 | D:2      | Killed Terence
  1463 | D:2      | Noticed Natasha
  1471 | D:2      | Killed from afar by a white imp

Illustrated notes

Levels and vault maps discovered:
D:1:      dpeg_arrival_refuge, layout_loops_ring, serial_shops,
          nicolae_shop_bloodbath_and_beyond, minmay_hedge_maze
D:2:      layout_basic, ebering_ecumenical_altar_rust, uniq_terence,
          uniq_natasha

Skill      XL: |  1  2  3 |
---------------+----------+-----
Maces & Flails | 3 |  3.3
Fighting       | |  3.9
Armour         | |  3.9
Shields        | |  4.7

Action                     |  1- 3 |  4- 6 || total
---------------------------+-------+-------++-------
  Melee: Flail             |    69 |    27 ||    96
 Armour: Scale mail        |    49 |    19 ||    68
  Dodge: Dodged            |    33 |    18 ||    51
  Block: Buckler           |    28 |     6 ||    34

Table legend: (Time is in decaauts)
 A = Elapsed time spent in this place.
 B = Non-inter-level travel time spent in this place.
 C = Inter-level travel time spent in this place.
 D = Time resting spent in this place.
 E = Time spent auto-exploring this place.
 F = Levels seen in this place.
 G = Mean time per level.
                   A        B        C        D        E       F      G
               +--------+--------+--------+--------+--------+-----+--------+
         Total |   1498 |   1480 |     18 |     48 |   1185 |   2 |  749.0 |
       Dungeon |   1498 |   1480 |     18 |     48 |   1185 |   2 |  749.0 |
               +--------+--------+--------+--------+--------+-----+--------+

Top non-repeatable levels by time:
     D:2: 766 daAuts
     D:1: 732 daAuts
